 Dungeon Crawl Stone Soup version 0.20-a0-303-g575bbf7 (webtiles) character file.

79 Junicave the Digger (level 4, 0/24 HPs)
             Began as a Gargoyle Earth Elementalist on Dec 17, 2016.
             Killed from afar by Sigmund (6 damage)
             ... with a puff of flame
             ... on level 2 of the Dungeon.
             The game lasted 00:09:27 (3746 turns).

Junicave the Digger (Gargoyle Earth Elementalist)   Turns: 3746, Time: 00:09:28

Health: 0/24       AC:  6    Str: 11    XL:     4   Next: 37%
Magic:  1/9        EV: 12    Int: 17    God:
Gold:   146        SH:  0    Dex: 10    Spells: 6/10 levels left

rFire  . . .     SeeInvis .     r - +1 dagger (protect)
rCold  . . .     Gourm    .     c - +0 robe
rNeg   + . .     Faith    .     (no shield)
rPois  ∞         Spirit   .     (no helmet)
rElec  +         Reflect  .     (no cloak)
rCorr  .         Harm     .     (no gloves)
MR     .....                    i - +0 pair of boots
Stlth  ++........               (no amulet)
                                (no ring)
                                (no ring)

@: no status effects
A: negative energy resistance 1, electricity resistance, unbreathing,
petrification resistance, rot immunity, AC +3
a: no special abilities


You were on level 2 of the Dungeon.
You were near starving.

You visited 1 branch of the dungeon, and saw 2 of its levels.

You collected 146 gold pieces.

Inventory:

Hand Weapons
 l - a +0 club
 n - a +0 long sword
 r - a +1 dagger of protection (weapon)
Missiles
 b - 67 stones (quivered)
Armour
 c - a +0 robe (worn)
 i - a +0 pair of boots (worn)
Wands
 s - a wand of polymorph (1/24)
Scrolls
 f - a scroll of recharging {unknown}
 h - 2 scrolls of random uselessness {unknown}
 m - a scroll of remove curse {unknown}
Potions
 j - a potion of brilliance {unknown}
 k - a potion of magic {unknown}
 o - a potion of might {unknown}
 p - a potion of mutation {unknown}
 q - a potion of lignification {unknown}
Books
 e - a book of Geomancy

   Spells                             Type                      Level
   a - Sandblast                      Earth                        1
   b - Passwall                       Transmutation/Earth          2
   c - Stone Arrow                    Conjuration/Earth            3
   d - Petrify                        Transmutation/Earth          4
   e - Lee's Rapid Deconstruction     Earth                        5
Comestibles
 a - 2 slices of pizza
 d - a bread ration
 g - a beef jerky


   Skills:
 - Level 1.5 Dodging
 - Level 2.1 Stealth
 * Level 3.5 Spellcasting
 + Level 1.2 Conjurations
   Level 0.7 Transmutations
 + Level 4.3 Earth Magic


You had 6 spell levels left.
You knew the following spells:

 Your Spells              Type           Power        Failure   Level  Hunger
a - Sandblast             Erth           ###...       2%          1    None
b - Stone Arrow           Conj/Erth      ##....       17%         3    ###....


Dungeon Overview and Level Annotations

Branches:
Dungeon (2/15)

Altars:

Annotations:
D:2 Sigmund


Innate Abilities, Weirdness & Mutations

You are resistant to torment.
Your stone body is resilient. (AC +3)
You are immune to poison.
You resist negative energy. (rN+)
You are resistant to electric shocks. (rElec)
You can survive without breathing.
You are immune to petrification.
You are immune to rotting.


Message History

You feel less confused.
You are near starving!
Sigmund gestures at you while chanting. You resist with some effort.
Casting: Stone Arrow
Confirm with . or Enter, or press ? or * to list all spells.
Aiming: Sandblast
Press: ? - help, Shift-Dir - straight line, f/p - Sigmund
Aim: Sigmund, wielding a scythe of distortion and wearing a robe (almost dead)
The blast of sand hits Sigmund.
Sigmund is almost dead.
Sigmund gestures at you while chanting. The puff of flame hits you!
* * * LOW HITPOINT WARNING * * *
Sigmund gestures wildly while chanting.
Sigmund flickers and vanishes!
Deactivating autopickup; reactivate with Ctrl-A.
A puff of flame appears from out of thin air!
The puff of flame hits you!
You die...

# #(..#####.#
#..####.##.. # #.#.# #.#
#.......#### # #,#.# #,*
#.#####.# # # *,#.#
#.###.#####.# # # *,#.#
#....>..<...#### # *,#{#
#####.#####(.... # *,#.#
#.# #.#### #
*,#.#########.# ##.## #
*,#....@......####...###
*,############..........
*,* #.###...### *.# #.#
##.## #.# #.# #.# #.#
#.####.# #.# #....#.#
##########.# #..#...#
........##.# #....###


There were no monsters in sight!

Vanquished Creatures
  Terence (D:2)
  2 worms (D:2)
  4 leopard geckos
  A ball python (D:2)
  4 bats
  3 giant cockroaches
  5 goblins
  4 hobgoblins
  A quokka (D:2)
  5 frilled lizards
  5 kobolds
  8 rats
43 creatures vanquished.

Notes
Turn   | Place    | Note
-------+----------+-------------------------------------------
     0 | D:1      | Junicave the Gargoyle Earth Elementalist began the quest for the Orb.
     0 | D:1      | Reached XP level 1. HP: 10/10 MP: 3/3
   269 | D:1      | Reached XP level 2. HP: 15/15 MP: 3/5
   596 | D:1      | Reached skill level 4 in Earth Magic
  1599 | D:1      | Reached XP level 3. HP: 19/19 MP: 4/7
  1604 | D:1      | Learned a level 3 spell: Stone Arrow
  1724 | D:2      | Noticed Sigmund
  1973 | D:2      | Found a faded altar of an unknown god.
  2538 | D:2      | Noticed Terence
  2681 | D:2      | Killed Terence
  2681 | D:2      | Reached skill level 1 in Conjurations
  2681 | D:2      | Reached XP level 4. HP: 22/24 MP: 3/9
  2856 | D:2      | Found a faded altar of an unknown god.
  3636 | D:2      | Found a faded altar of an unknown god.
  3746 | D:2      | Killed from afar by Sigmund

Vault maps used:
D:1:      lemuel_arrival_hallway, minmay_misc_feat_square, minmay_pentomino_s2
D:2:      chequers_ecumenical_altar_simple, uniq_sigmund, uniq_terence

Skill      XL: |  1  2  3 |
---------------+----------+-----
Earth Magic    | 4 |  4.3
Spellcasting   | 3 |  3.5
Conjurations   | 1 |  1.2
Dodging        | |  1.5
Stealth        | |  2.1
Transmutations | |  0.7

Action                   |  1- 3 |  4- 6 || total
-------------------------+-------+-------++-------
Melee: Unarmed           |    29 |       ||    29
       Club              |     9 |       ||     9
       Dagger            |    35 |    24 ||    59
       Long sword        |    22 |       ||    22
 Cast: Sandblast         |    47 |     5 ||    52
       Stone Arrow       |     1 |     4 ||     5
 Stab: Sleeping          |     2 |       ||     2
  Eat: Chunk             |     6 |     2 ||     8
Armor: Robe              |    56 |    12 ||    68
Dodge: Dodged            |   104 |    15 ||   119
       Rpst.: Long sword |     4 |       ||     4
